 Dungeon Crawl Stone Soup version 0.30-a0-304-gdc4b735fe1 (webtiles) character file.

Game seed: 10905115168769063351

2 sleeves the Grave Robber (level 1, 0/14 HPs)
             Began as a Meteoran Necromancer on Oct 20, 2022.
             Frozen to death by an endoplasm (5 damage)
             ... on level 1 of the Dungeon.
             The game lasted 00:01:01 (123 turns).

sleeves the Grave Robber (Meteoran Necromancer)      Turns: 123, Time: 00:01:02

Health: 0/14       AC:  2    Str:  9    XL:     1   Next: 42%
Magic:  5/5        EV: 12    Int: 16    God:
Gold:   16         SH:  0    Dex: 14    Spells: 4/5 levels left

rFire   . . .      SeeInvis .    e - +0 spear
rCold   . . .      Faith    .    (no shield)
rNeg    . . .      Spirit   .    a - +0 robe
rPois   .          Reflect  .    (no helmet)
rElec   .          Harm     .    (no cloak)
rCorr   .          Rampage  .    (no gloves)
Will    .....                    (no boots)
Stlth   +.........               (no amulet)
HPRegen 0.22/turn                (no ring)
MPRegen 0.09/turn                (no ring)

@: glowing
A: sense surroundings 1, otherworldly, glowing, explore regen
a: no special abilities


You were on level 1 of the Dungeon.
You visited 1 branch of the dungeon, and saw 2 of its levels.

You collected 16 gold pieces.

Inventory:

Hand Weapons
 c - a +0 hand axe
   (You found it on level 1 of the Dungeon)
 e - a +0 spear (weapon)
   (You took it off a kobold on level 1 of the Dungeon)
Armour
 a - a +0 robe (worn)
 d - a +0 scale mail
   (You found it on level 1 of the Dungeon)
Potions
 b - a potion of magic
 f - 2 potions of ambrosia {unknown}


   Skills:
 + Level 0.0 Polearms
 - Level 2.4 Dodging
 - Level 1.4 Stealth
 - Level 2.6 Spellcasting
 + Level 4.5 Necromancy


You had 4 spell levels left.
You knew the following spells:

 Your Spells              Type           Power      Damage    Failure   Level
a - Necrotise             Necr           64%        1d7       3%          1

Your spell library contained the following spells:

 Spells                   Type           Power      Damage    Failure   Level
 Vampiric Draining        Necr           16%        2d7       9%          3
 Animate Dead             Necr           16%        N/A       30%         4
 Agony                    Necr           16%        N/A       63%         5


Dungeon Overview and Level Annotations

Branches:
Dungeon (2/15) Zot: 1075

Altars:


Innate Abilities, Weirdness & Mutations

You passively map a small area around you.
You are easily found by Zot.
You glow in the dark.
You regain HP and MP as you explore.


Message History

Welcome, sleeves the Meteoran Necromancer.
You feel drawn to the Orb of Zot, downwards into the unfathomable depths...
Press ? for a list of commands and other information.
Found 13 gold pieces.
Found a staircase leading out of the dungeon.
You now have 13 gold pieces.
You now have 16 gold pieces (gained 3).
You open the large door.
There is a large open door here.
Found an escape hatch in the floor.
Found a hand axe.
Found a scale mail.
Found a stone staircase leading down.
You see here a +0 hand axe.
c - a +0 hand axe You see here a +0 scale mail.
d - a +0 scale mail
There is a stone staircase leading down here.
Found a whip.
Found a stone staircase leading down.
A frilled lizard comes into view.
A frilled lizard is nearby!
A frilled lizard is nearby!
Found 2 ruby potions.
c - a +0 hand axe (weapon)
The frilled lizard hisses angrily.
Found a robe.
You hit the frilled lizard.
You kill the frilled lizard!
You see here a frilled lizard corpse.
A kobold comes into view. It is wielding a +0 spear.
Found a dagger.
The kobold hits you with a +0 spear.
You hit the kobold but do no damage. The kobold hits you with a +0 spear.
The kobold barely misses you.
You hit the kobold but do no damage. The kobold hits you with a +0 spear.
* * * LOW HITPOINT WARNING * * *
You hit the kobold.
The kobold is moderately wounded.
The kobold hits you with a +0 spear.
* * * LOW HITPOINT WARNING * * *
Casting: Necrotise (safe; 3% risk of failure)
Confirm with . or Enter, or press ? or * to list all spells.
Aiming: Necrotise (safe; 3% risk of failure)
Press: ? - help, Shift-Dir - straight line, f - kobold
Aim: a kobold, wielding a +0 spear (moderately wounded, chance to affect: 86%)
The kobold writhes in agony.
You kill the kobold!
The dead are walking!
You see here a +0 spear.
e - a +0 spear
e - a +0 spear (weapon)
There is a stone staircase leading down here.
You climb downwards.
Your mindless puppet stays behind to rot.
There is a stone staircase leading up here.
There is a stone staircase leading up here.
You climb upwards.
There is a stone staircase leading down here.
f - 2 ruby potions An endoplasm comes into view.
The endoplasm quivers.
An endoplasm is nearby!
An endoplasm is nearby!
You reach to attack!
You hit the endoplasm.
The endoplasm is heavily wounded.
You barely miss the endoplasm.
The endoplasm is heavily wounded.
The endoplasm freezes you.
You are frozen.
You hit the endoplasm but do no damage.
The endoplasm is heavily wounded.
The endoplasm freezes you.
You are frozen.
* * * LOW HITPOINT WARNING * * *
The endoplasm freezes you.
You are frozen.
You die...

*, , , ,..... * , , ..... ,
##... , . * ,, 8#...# ,..# * *
### , .#.#.# # .... , ##... *
.#.#.#.# .... **#...# * .'.#.#.#
#.#..###..# * .'.#.>.#
#....J@..# .#.#...#
#......#.####
.#.#...###...####....###
8#......#..# ####...###
##.........### ###...######
........##...## #..........##
...........#..## #.....##....#
###...##....#..#####.....#).##.#
# ###.##...........####..##..# #


You could see an endoplasm.

Vanquished Creatures
  A kobold (D:1)
  A frilled lizard (D:1)
2 creatures vanquished.

Notes
Turn   | Place    | Note
-------+----------+-------------------------------------------
     0 | D:1      | sleeves the Meteoran Necromancer began the quest for the
                  | Orb.
     0 | D:1      | Reached XP level 1. HP: 14/14 MP: 5/5
    82 | D:1      | HP: 5/14 [kobold/+0 spear (5)]
   123 | D:1      | HP: 5/14 [frozen (5)]
   123 | D:1      | Frozen to death by an endoplasm

Illustrated notes

Levels and vault maps discovered:
D:1:      lightli_arrival_noodles, layout_rooms, serial_shops,
          nicolae_shop_waterfront, moated_statue, minmay_pentomino_u2
D:2:      kennysheep_six_static_rooms, layout_basic, minmay_rat_gold_closets

Action                   || total
-------------------------++-------
Melee: Hand axe          ||     4
       Spear             ||     3
 Cast: Necrotise         ||     1
Dodge: Dodged            ||     1

Table legend: (Time is in decaauts)
 A = Elapsed time spent in this place.
 B = Non-inter-level travel time spent in this place.
 C = Inter-level travel time spent in this place.
 D = Time resting spent in this place.
 E = Time spent auto-exploring this place.
 F = Levels seen in this place.
 G = Mean time per level.
                   A        B        C        D        E       F      G
               +--------+--------+--------+--------+--------+-----+--------+
         Total |    123 |    123 |      0 |      0 |     16 |   2 |   61.5 |
       Dungeon |    123 |    123 |      0 |      0 |     16 |   2 |   61.5 |
               +--------+--------+--------+--------+--------+-----+--------+

Top non-repeatable levels by time:
     D:1: 117 daAuts
     D:2: 5 daAuts
